 Dungeon Crawl Stone Soup version 0.21.1-1-g345015f (webtiles) character file.

70 prawnwizard the Chopper (level 4, -2/35 HPs)
             Began as a Demonspawn Monk on July 9, 2018.
             Slain by a goblin
             ... wielding a +0 trident
              (5 damage)
             ... on level 3 of the Dungeon.
             The game lasted 00:03:39 (1943 turns).

prawnwizard the Chopper (Demonspawn Monk)           Turns: 1943, Time: 00:03:39

Health: -2/35      AC:  8    Str: 13    XL:     4   Next: 4%
Magic:  0/4        EV:  6    Int: 11    God:
Gold:   90         SH:  0    Dex: 15    Spells: 3/3 levels left

rFire    . . .     SeeInvis .   a - +0 hand axe
rCold    + . .     Gourm    .   (no shield)
rNeg     . . .     Faith    .   p - +0 chain mail
rPois    .         Spirit   +   (no helmet)
rElec    .         Reflect  .   (no cloak)
rCorr    .         Harm     .   (no gloves)
MR       .....                  (no boots)
Stlth    ..........             (no amulet)
HPRegen  0.11/turn              h - -3 ring of slaying (curse)
MPRegen  0.09/turn              l - ring of protection from cold

@: drained
A: claws 1, demonic guardian 1, magic shield
a: no special abilities


You were on level 3 of the Dungeon.
You were hungry.

You visited 1 branch of the dungeon, and saw 3 of its levels.

You collected 90 gold pieces.

Inventory:

Hand Weapons
 a - a +0 hand axe (weapon)
Armour
 b - a +0 robe
 e - a +0 ring mail
 i - a +0 scale mail
 p - a +0 chain mail (worn)
Jewellery
 h - a cursed -3 ring of slaying (left claw)
 l - a ring of protection from cold (right claw)
Wands
 f - a wand of flame (26)
Scrolls
 d - 3 scrolls of identify
 g - 3 scrolls of teleportation
 k - a scroll of enchant weapon {unknown}
Potions
 j - a potion of flight {unknown}
 m - 2 potions of agility
 n - a potion of mutation {unknown}
 o - a potion of curing {unknown}
Comestibles
 c - 6 rations


   Skills:
 + Level 3.5(2.5) Fighting
 * Level 3.6(2.6) Axes
 + Level 3.2(2.1) Dodging
 - Level 2.0(1.0) Stealth


You had 3 spell levels left.
You didn't know any spells.

Dungeon Overview and Level Annotations

Branches:
Dungeon (3/15)

Altars:
Elyvilon
Makhleb
The Shining One

Annotations:
D:1 Robin


Innate Abilities, Weirdness & Mutations

You have sharp fingernails.
A weak demonic guardian rushes to your aid.
When hurt, damage is shared between your health and your magic reserves.


Message History

You hit the adder but do no damage.
The adder is severely wounded.
You closely miss the goblin. The adder bites you but does no damage.
The goblin hits you but does no damage.
The goblin hits you from afar with a trident.
* * * LOW HITPOINT WARNING * * *
You hit the adder.
The adder is severely wounded.
You hit the goblin. The adder bites you but does no damage.
The goblin hits you but does no damage. The adder bites you but does no damage.
The goblin hits you but does no damage.
You hit the adder.
You kill the adder!
You have reached level 4!
You feel stronger.
Your demonic ancestry asserts itself...
Your fingernails lengthen.
You barely miss the goblin. The goblin barely misses you.
The goblin closely misses you. The goblin hits you but does no damage.
The goblin hits you with a trident.
You die...

#.#.....#.##....
#.#.......w. ..
####.#....##.##...w
#...>..............
#.#........(.###.#.
# ##...............
#..#...#.##.#.##
.....##..#........
###..##..@g(......
##.##g##.##.....
............#.?
..##........... ##
##.#........
...........
##.#.#.#.#. .
..#.###


You could see a worm (wandering) and 2 goblins.

Vanquished Creatures
  Terence (D:2)
  An adder (D:3)
  An ooze (D:1)
  2 dart slugs
  A leopard gecko (D:1)
  4 bats
  A giant cockroach (D:1)
  8 goblins
  3 hobgoblins (D:1)
  2 frilled lizards
  3 kobolds
  5 rats
32 creatures vanquished.

Vanquished Creatures (collateral kills)
  3 goblins (D:2)
3 creatures vanquished.

Vanquished Creatures (others)
  A giant cockroach (D:2)
1 creature vanquished.

Grand Total: 36 creatures vanquished

Notes
Turn   | Place    | Note
-------+----------+-------------------------------------------
     0 | D:1      | prawnwizard the Demonspawn Monk began the quest for the Orb.
     0 | D:1      | Reached XP level 1. HP: 18/18 MP: 1/1
   150 | D:1      | Gained mutation: When hurt, damage is shared between your health and your magic reserves. [demonic ancestry]
   150 | D:1      | Reached XP level 2. HP: 20/24 MP: 2/2
   599 | D:2      | Found a glowing golden altar of the Shining One.
   640 | D:2      | Noticed Robin
   648 | D:2      | Gained mutation: A weak demonic guardian rushes to your aid. [demonic ancestry]
   648 | D:2      | Reached XP level 3. HP: 10/29 MP: 3/3
  1328 | D:2      | Found a white marble altar of Elyvilon.
  1355 | D:2      | Noticed Terence
  1371 | D:2      | Killed Terence
  1695 | D:2      | Found a burning altar of Makhleb.
  1942 | D:3      | Gained mutation: You have sharp fingernails. [demonic ancestry]
  1942 | D:3      | Reached XP level 4. HP: 3/35 MP: 1/4
  1943 | D:3      | Slain by a goblin

Skill      XL: |  1  2 |
---------------+-------+-----
Stealth        | 2 |  2.0
Axes           | 3 |  3.6
Dodging        | 3 |  3.2
Fighting       | |  3.5

Action                   |  1- 3 |  4- 6 || total
-------------------------+-------+-------++-------
Melee: Hand axe          |   172 |       ||   172
  Use: Scroll            |     4 |       ||     4
  Eat: Chunk             |     3 |       ||     3
Armor: Ring mail         |     3 |       ||     3
       Robe              |     2 |       ||     2
       Scale mail        |    22 |       ||    22
       Chain mail        |   117 |     1 ||   118
Dodge: Dodged            |    94 |     2 ||    96
